 Dungeon Crawl Stone Soup version 0.25-a0-566-g062765be81 (webtiles) character file.

Game seed: 7130767106823695676, levelgen mode: deterministic

4823 Flugslaktarn the Cleaver (level 10, -2/92 HPs)
             Began as a Deep Dwarf Fighter on Feb 28, 2020.
             Was a Priest of Makhleb.
             Slain by an orc warrior
             ... wielding a +0 glaive
              (23 damage)
             ... in a bailey.
             The game lasted 00:04:14 (5128 turns).

Flugslaktarn the Cleaver (Deep Dwarf Fighter)       Turns: 5128, Time: 00:04:15

Health: -2/92      AC: 14    Str: 24    XL:     10   Next: 25%
Magic:  5/5        EV:  7    Int:  8    God:    Makhleb [***...]
Gold:   459        SH: 11    Dex: 12    Spells: 9/9 levels left

rFire    . . .     SeeInvis .   a - +1 war axe
rCold    . . .     Gourm    .   c - +0 kite shield
rNeg     + . .     Faith    .   k - +0 chain mail
rPois    .         Spirit   .   u - +1 helmet
rElec    .         Reflect  .   (no cloak)
rCorr    .         Harm     .   B - +0 pair of gloves
MR       +....                  (no boots)
Stlth    ..........             (no amulet)
HPRegen  0.00/turn              n - ring of positive energy
MPRegen  0.09/turn              (no ring)

@: non-regenerating
A: damage resistance, heal wounds, sense surroundings 2, no regeneration
a: Heal Wounds, Minor Destruction, Lesser Servant of Makhleb, Renounce Religion


You were in a bailey.
You worshipped Makhleb.
Makhleb was most pleased with you.
You were not hungry.

You visited 2 branches of the dungeon, and saw 10 of its levels.
You also visited: Bailey.

You collected 459 gold pieces.

Inventory:

Hand Weapons
 a - a +1 war axe (weapon)
Missiles
 f - 2 throwing nets (quivered)
Armour
 c - a +0 kite shield (worn)
 k - a +0 chain mail (worn)
   (You found it on level 5 of the Dungeon)
 u - a +1 helmet (worn)
   (You found it on level 5 of the Dungeon)
 B - a +0 pair of gloves (worn)
   (You found it on level 9 of the Dungeon)
Jewellery
 j - a cursed ring of magical power {unknown}
   (You found it on level 5 of the Dungeon)
 n - a ring of positive energy (left hand)
   (You found it on level 4 of the Dungeon)
 s - a +4 ring of protection {unknown}
   (You found it on level 8 of the Dungeon)
 z - an uncursed ring of protection from magic {unknown}
   (You found it on level 9 of the Dungeon)
Wands
 o - a wand of iceblast (7)
   (You found it on level 8 of the Dungeon)
 v - a wand of digging (7)
   (You found it on level 7 of the Dungeon)
Scrolls
 b - a scroll of enchant weapon
 g - 3 scrolls of magic mapping
 r - a scroll of identify
 t - 2 scrolls of teleportation
 w - 3 scrolls of remove curse
Potions
 d - a potion of might
 h - a potion of haste
 i - a potion of heal wounds {unknown}
 l - 3 potions of invisibility
 m - a potion of brilliance
 p - a potion of ambrosia {unknown}
 q - a potion of lignification
 x - a potion of magic {unknown}
 y - a potion of cancellation {unknown}
Comestibles
 e - 18 rations
 A - 18 chunks of flesh


   Skills:
 + Level 6.4 Fighting
 * Level 10.2 Axes
 + Level 7.8 Armour
 + Level 7.7 Shields
 + Level 6.1 Invocations


You had 9 spell levels left.
You didn't know any spells.
Your spell library was empty.

Dungeon Overview and Level Annotations

Branches:
Dungeon (9/15)             Temple (1/1) D:6          Bailey (1/1)
   Lair: D:8-11         Orc: D:9-12

Altars:
Ashenzari
Cheibriados
Dithmenos
Fedhas
Gozag
Kikubaaqudgha
Makhleb
Nemelex Xobeh
Okawaru
Sif Muna
Trog
Uskayaw
Vehumet
Wu Jian
Xom
The Shining One

Shops:
D:6 :   D:8 (


Innate Abilities, Weirdness & Mutations

You are resistant to damage.
You can heal yourself by infusing magical energy.
You passively map the area around you.
You do not regenerate.


Message History

Your magical essence is drained by the effort!
You feel much better.
You now have 417 gold pieces (gained 24).
You now have 432 gold pieces (gained 15).
You now have 450 gold pieces (gained 18).
You now have 459 gold pieces (gained 9).
There is a large open door here.
There is a large open door, spattered with blood here.
Things that are here:
a +0 spear; a +0 plate armour
There is an open door here.
You block the orc knight's attack.
The orc knight roars a battlecry!
The orc warriors go into a battle-frenzy!
The orc warrior hits you from afar with a +0 glaive! x2
The orc warrior hits you from afar with a +0 glaive!!
* * * LOW HITPOINT WARNING * * *
You block the orc warrior's attack.
The orc warrior hits you from afar with a +0 glaive!!
You die...

#.≈.#########)###'#############o≈
#.≈.##.....##....§§.§.##, ##.≈
#.≈..##...##..≈≈≈≈§≈§..#+ , ##..≈
#.≈≈..##.##..≈≈...§§§§..* ##..≈≈
#∩.≈≈..#'#..§§§.⌠∩⌠..≈§, * #..≈≈.
##.≈≈).#)#..§≈ooo⌠..§§ ,, #..≈≈.
#.≈≈..##.##.§§≈oo...§§, * ##..≈≈
#.≈.)##...'#§§≈§§≈≈≈§§§# ##..≈
#.≈.##.....##.§.@.....# $$.##.≈
#.≈.#############+##### #####.≈
#.≈.).)......## , #####..≈
#.≈≈≈≈≈≈≈≈≈≈..## #######≈≈≈≈≈≈≈
#..........≈≈).## ##)).##........
##########..≈≈..###).≈..##.######
##..≈≈...))≈≈...##...###
##..≈≈≈≈≈≈≈..#######..∩
##.........## ####


You could see an orc knight and 4 orc warriors.

Vanquished Creatures
  A two-headed ogre (D:8)
  A hornet (D:7)
  A wyvern (D:9)
  Edmund (D:8)
  2 orc warriors (Bailey)
  2 sky beasts
  An ice beast (D:8)
  A phantom (D:5)
  5 ogres
  6 centaurs
  A big kobold (D:7)
  5 bullfrogs
  2 wyvern zombies (D:6)
  3 scorpions
  3 killer bees (D:9)
  4 wights (D:7)
  5 crimson imps
  3 jellies
  A quasit (D:9)
  2 centaur zombies
  2 hounds
  5 orc priests
  3 bullfrog skeletons
  4 orc wizards
  2 iguanas
  8 worker ants
  3 hound skeletons
  A howler monkey zombie (D:9)
  A howler monkey skeleton (D:5)
  2 worker ant zombies
  8 gnolls
  6 adders
  A shadow imp (D:5)
  2 oozes (D:4)
  3 adder skeletons
  2 worms (D:4)
  A dart slug (D:4)
  5 leopard geckos
  25 orcs
  2 ball pythons (D:7)
  A bat (D:2)
  2 giant cockroaches
  7 goblins
  A hobgoblin (D:2)
  20 jackals
  6 quokkas
  3 frilled lizards
  A giant cockroach zombie (D:5)
  9 kobolds
  A leopard gecko skeleton (D:6)
  A quokka skeleton (D:5)
  A quokka zombie (D:9)
  A rat (D:3)
190 creatures vanquished.

Notes
Turn   | Place    | Note
-------+----------+-------------------------------------------
     0 | D:1      | Flugslaktarn the Deep Dwarf Fighter began the quest for the
                  | Orb.
     0 | D:1      | Reached XP level 1. HP: 20/20 MP: 1/1
   130 | D:2      | Reached XP level 2. HP: 12/27 MP: 2/2
   211 | D:3      | Reached XP level 3. HP: 28/33 MP: 2/2
   211 | D:3      | Reached skill level 3 in Axes
   329 | D:3      | Found a glowing golden altar of the Shining One.
   357 | D:4      | Noticed an ogre
   380 | D:4      | Killed an ogre
   380 | D:4      | Reached XP level 4. HP: 37/42 MP: 3/3
   443 | D:4      | Reached XP level 5. HP: 43/49 MP: 4/4
   464 | D:4      | Found a shimmering blue altar of Sif Muna.
   516 | D:4      | Reached skill level 4 in Axes
   725 | D:4      | Noticed an ogre
   740 | D:4      | Killed an ogre
   740 | D:4      | Reached XP level 6. HP: 45/56 MP: 5/5
   832 | D:4      | Found a blossoming altar of Fedhas.
   832 | D:4      | Found a shadowy altar of Dithmenos.
   832 | D:4      | Found a bloodstained altar of Trog.
   908 | D:4      | Reached skill level 5 in Axes
  1210 | D:4      | Reached XP level 7. HP: 48/64 MP: 5/5
  1412 | D:5      | Entered Level 5 of the Dungeon
  1445 | D:5      | Noticed Edmund
  1452 | D:5      | Reached skill level 5 in Armour
  1470 | D:5      | Reached skill level 5 in Shields
  1594 | D:5      | Reached skill level 6 in Axes
  1855 | D:5      | Found an opulent altar of Gozag.
  1856 | D:5      | Found a sparkling altar of Nemelex Xobeh.
  2014 | D:5      | Reached XP level 8. HP: 45/73 MP: 6/6
  2039 | D:6      | Found a staircase to the Ecumenical Temple.
  2059 | Temple   | Entered the Ecumenical Temple
  2118 | Temple   | Became a worshipper of Makhleb the Destroyer
  2244 | D:6      | Reached skill level 1 in Invocations
  2297 | D:6      | Reached skill level 7 in Axes
  2405 | D:6      | Found Kizuv's Book Shop.
  2795 | D:6      | Identified Qiusuhau's Tome of the Supportive Birds
  2894 | D:7      | Reached * piety under Makhleb
  2899 | D:7      | Reached skill level 5 in Fighting
  3009 | D:7      | Reached skill level 8 in Axes
  3048 | D:7      | Noticed a hornet
  3064 | D:7      | Killed a hornet
  3064 | D:7      | Gained mutation: You passively map the area around you.
                  | [Deep Dwarf growth]
  3064 | D:7      | Reached XP level 9. HP: 36/81 MP: 8/8
  3269 | D:7      | Reached ** piety under Makhleb
  3634 | D:8      | Reached skill level 9 in Axes
  3638 | D:8      | Found Basiozet's Weapon Shop.
  3653 | D:8      | Found a radiant altar of Vehumet.
  3666 | D:8      | Noticed a two-headed ogre
  3683 | D:8      | Killed a two-headed ogre
  3683 | D:8      | Reached skill level 5 in Invocations
  3707 | D:8      | Killed Edmund
  3873 | D:8      | Found a blossoming altar of Fedhas.
  4476 | D:9      | Reached XP level 10. HP: 61/91 MP: 7/7
  4634 | D:9      | Reached skill level 10 in Axes
  4838 | D:9      | Found a flagged portal.
  4850 | Bailey   | Entered a bailey
  4960 | Bailey   | Reached *** piety under Makhleb
  5060 | Bailey   | Noticed an orc knight
  5128 | Bailey   | Slain by an orc warrior

Levels and vault maps discovered:
D:1:      evilmike_arrival_home_sweet_home, layout_rooms, supply_closet_lemuel
D:2:      minmay_recursive_quarters, layout_basic, minmay_tall_x
D:3:      layout_basic, nicolae_overflow_crystal_walls,
          nicolae_tso_swordbearing_angel
D:4:      layout_basic, led_sif_pool,
          chequers_temple_overflow_statue_of_worship, portal_sewer_entry_e
D:5:      layout_rooms, grunt_temple_overflow_opulence, first_ration,
          uniq_edmund
D:6:      layout_loops_cross, minmay_temple_entry_overgrown, serial_shops, shop,
          st_stairs_3
D:7:      layout_cave_pools, grunt_ogre_cave
D:8:      layout_basic, vehumet_altar_wand_db, serial_shops, shop_statue,
          fedhas_altar_fruit_tree
D:9:      layout_small_grid, enter_bailey_3
Temple:   dshaligram_water_room_temple
Bailey:   bailey_polearm_1, bailey

Skill      XL: |  1  2  3  4  5  6  7  8  9 10 |
---------------+-------------------------------+-----
Axes           | 3 4 5 6 8 9 10 | 10.2
Fighting       | 3 4 5 6 |  6.4
Armour         | 4 5 6 7 |  7.8
Shields        | 4 5 6 7 |  7.7
Invocations    | 3 5 6 |  6.1

Action                   |  1- 3 |  4- 6 |  7- 9 | 10-12 || total
-------------------------+-------+-------+-------+-------++-------
Melee: War axe           |    91 |   104 |   416 |   147 ||   758
 Abil: Heal Wounds       |     3 |     6 |    16 |     2 ||    27
  Use: Potion            |       |       |     1 |       ||     1
       Scroll            |       |       |    12 |       ||    12
  Eat: Chunk             |       |     2 |     9 |     4 ||    15
Armor: Scale mail        |    62 |    54 |    10 |       ||   126
       Chain mail        |       |       |   180 |   101 ||   281
       Skin              |       |       |     4 |       ||     4
Dodge: Dodged            |    45 |    26 |   125 |    56 ||   252
Block: Kite shield       |    59 |    71 |   261 |   154 ||   545

Table legend:
 A = Non-vault XP
 B = Vault XP
 C = Vault XP percentage of total XP
 D = Non-vault monster count
 E = Vault monster count
 F = Vault count percentage of total count
                 A         B        C        D         E       F
            +---------+---------+-------+---------+---------+-------
      Total |    6274 |     617 |   9.0 |     167 |      23 |  12.1
            +---------+---------+-------+---------+---------+-------
        D:1 |       4 |       0 |   0.0 |       2 |       0 |   0.0
        D:2 |      31 |       0 |   0.0 |      11 |       0 |   0.0
        D:3 |      17 |       0 |   0.0 |      10 |       0 |   0.0
        D:4 |     694 |       0 |   0.0 |      34 |       0 |   0.0
        D:5 |     689 |       0 |   0.0 |      24 |       0 |   0.0
        D:6 |     512 |      38 |   6.9 |      16 |       1 |   5.9
        D:7 |    1238 |     116 |   8.6 |      28 |       1 |   3.4
        D:8 |    1762 |     156 |   8.1 |      16 |       2 |  11.1
        D:9 |    1327 |       7 |   0.5 |      26 |       4 |  13.3
     Bailey |       0 |     300 | 100.0 |       0 |      15 | 100.0
            +---------+---------+-------+---------+---------+-------
